 Dungeon Crawl Stone Soup version 0.29-a0-1014-ga8c0faee3b (webtiles) character file.

Game seed: 12884790479284645084

37 Araneus the Grave Robber (level 3, -2/22 HPs)
             Began as an Octopode Necromancer on Aug 9, 2022.
             Slain by Robin
             ... wielding a +7 club
              (6 damage)
             ... on level 2 of the Dungeon.
             The game lasted 00:03:45 (1226 turns).

Araneus the Grave Robber (Octopode Necromancer)     Turns: 1226, Time: 00:03:46

Health: -2/22      AC:  1    Str:  7    XL:     3   Next: 41%
Magic:  1/6        EV: 13    Int: 19    God:
Gold:   53         SH:  0    Dex: 12    Spells: 5/6 levels left

rFire   . . .      SeeInvis .   d - +0 club
rCold   . . .      Faith    .   (no shield)
rNeg    . . .      Spirit   .   (helmet restricted)
rPois   .          Reflect  .   (no amulet)
rElec   .          Harm     .   (no ring)
rCorr   .          Rampage  .   (no ring)
Will    .....                   (no ring)
Stlth   +++.......              (no ring)
HPRegen 0.07/turn               (no ring)
MPRegen 0.10/turn               (no ring)
                                (no ring)
                                (no ring)

@: no status effects
A: almost no armour, amphibious, 8 rings, camouflage 1, gelatinous body 1,
(nimble swimmer 1), tentacles
a: no special abilities


You were on level 2 of the Dungeon.
You visited 1 branch of the dungeon, and saw 2 of its levels.

You collected 53 gold pieces.

Inventory:

Hand Weapons
 d - a +0 club (weapon)
Scrolls
 b - a scroll of teleportation {unknown}
 c - 3 scrolls of identify {unknown}
Potions
 a - a potion of magic


   Skills:
 * Level 0.6 Fighting
 * Level 2.2 Dodging
 - Level 2.6 Stealth
 + Level 2.2 Spellcasting
 * Level 4.8 Necromancy


You had 5 spell levels left.
You knew the following spells:

 Your Spells              Type           Power      Damage    Failure   Level
a - Necrotise             Necr           80%        1d8       2%          1

Your spell library contained the following spells:

 Spells                   Type           Power      Damage    Failure   Level
 Vampiric Draining        Necr           20%        2d7       7%          3
 Slow                     Hex            8%         N/A       17%         1
 Animate Dead             Necr           20%        N/A       22%         4
 Confusing Touch          Hex            2%         N/A       45%         3
 Conjure Flame            Conj/Fire      2%         6-21      45%         3
 Ignite Poison            Fire/Tmut/Pois 2%         N/A       45%         3
 Agony                    Necr           20%        N/A       54%         5
 Sticky Flame             Conj/Fire      2%         2d3       86%         4


Dungeon Overview and Level Annotations

Branches:
Dungeon (2/15)

Altars:
Cheibriados

Annotations:
D:2 Robin


Innate Abilities, Weirdness & Mutations

You cannot wear most types of armour.
You are amphibious.
You can wear up to eight rings at the same time.
Your skin changes colour to match your surroundings (Stealth+).
Your rubbery body absorbs attacks. (AC +1, EV +1)
((You are camouflaged when in or above water. (Stealth+)))
You have tentacles for arms and can constrict up to eight enemies at once.


Message History

The goblin hits you with a +0 dagger.
Casting: Necrotise (safe; 2% risk of failure)
Confirm with . or Enter, or press ? or * to list all spells.
Aiming: Necrotise (safe; 2% risk of failure)
Press: ? - help, Shift-Dir - straight line, f - goblin, p - Robin
Aim: a goblin, wielding a +0 dagger (chance to affect: 89%)
The goblin writhes in agony.
You kill the goblin!
The dead are walking!
The goblin hits your hobgoblin skeleton with a +0 dagger.
Robin throws the goblin at you!
Your hobgoblin skeleton hits Robin.
Casting: Necrotise (safe; 2% risk of failure)
Confirm with . or Enter, or press ? or * to list all spells.
Aiming: Necrotise (safe; 2% risk of failure)
Press: ? - help, Shift-Dir - straight line, f - goblin
Aim: a goblin, wielding a +0 dagger (ally target, chance to affect: 89%)
The goblin writhes in agony.
The goblin hits you with a +0 dagger.
* * * LOW HITPOINT WARNING * * *
Robin roars a battlecry!
The goblin goes into a battle-frenzy!
Your hobgoblin skeleton barely misses Robin.
Your hobgoblin skeleton hits Robin.
Okay, then.
You closely miss the goblin. You grab the goblin. You squeeze the goblin.
You kill the goblin!
You swap places.
Robin hits your hobgoblin skeleton with a +7 club.
Your hobgoblin skeleton hits Robin. x2
Robin hits your hobgoblin skeleton with a +7 club!
Your hobgoblin skeleton is destroyed!
You swap places.
There is a stone staircase leading up here.
Something hits your hobgoblin skeleton.
Your hobgoblin skeleton is destroyed!
You swap places.
Your goblin skeleton barely misses Robin.
You barely miss Robin. You grab Robin.
Robin is almost dead.
You constrict Robin, but do no damage. Robin hits you with a +7 club.
You die...

#.#.# #####.#.#
#...#.#.######
#.#.#.#.##....
#.#.#.#.##...
#.#.#.#.##..#
#.#.#.#.##..#
###.#Z#.#.##..#
#...)@g....#..#
#..........').#####..#
#........).##.).......
##################..#.


You could see Robin (ally target) and a friendly goblin skeleton.

Vanquished Creatures
  A dart slug (D:1)
  A ball python (D:1)
  3 bats (D:1)
  2 endoplasms (D:1)
  2 giant cockroaches (D:1)
  6 goblins
  7 hobgoblins
  2 kobolds (D:1)
  A quokka (D:1)
  A frilled lizard (D:1)
  A rat (D:1)
27 creatures vanquished.

Vanquished Creatures (collateral kills)
  2 goblins
2 creatures vanquished.

Grand Total: 29 creatures vanquished

Notes
Turn   | Place    | Note
-------+----------+-------------------------------------------
     0 | D:1      | Araneus the Octopode Necromancer began the quest for the
                  | Orb.
     0 | D:1      | Reached XP level 1. HP: 11/11 MP: 3/3
     1 | D:1      | Found a snail-covered altar of Cheibriados.
   275 | D:1      | Found a faded altar of an unknown god.
   321 | D:1      | Reached XP level 2. HP: 17/17 MP: 3/5
   761 | D:1      | Reached XP level 3. HP: 12/22 MP: 1/6
  1059 | D:2      | Noticed Robin
  1226 | D:2      | Slain by Robin

Illustrated notes

Levels and vault maps discovered:
D:1:      sevenhm_arrival_forest_fort_small_6, layout_loops_ring,
          chequers_ecumenical_altar_simple_redux
D:2:      layout_basic, uniq_robin

Action                   || total
-------------------------++-------
Melee: Unarmed           ||    18
       Tentacles         ||     6
       Constrict         ||     8
       Club              ||     7
 Cast: Necrotise         ||    41
Armor: Skin              ||     4
Dodge: Dodged            ||    19

Table legend: (Time is in decaauts)
 A = Elapsed time spent in this place.
 B = Non-inter-level travel time spent in this place.
 C = Inter-level travel time spent in this place.
 D = Time resting spent in this place.
 E = Time spent auto-exploring this place.
 F = Levels seen in this place.
 G = Mean time per level.
                   A        B        C        D        E       F      G
               +--------+--------+--------+--------+--------+-----+--------+
         Total |   1228 |   1201 |     27 |    127 |    928 |   2 |  614.0 |
       Dungeon |   1228 |   1201 |     27 |    127 |    928 |   2 |  614.0 |
               +--------+--------+--------+--------+--------+-----+--------+

Top non-repeatable levels by time:
     D:1: 1171 daAuts
     D:2: 56 daAuts
